 Dungeon Crawl Stone Soup version 0.21-a0-94-gdd6ab6a (webtiles) character file.

600577 Kias the Ninja (level 26, -3/145 HPs)
             Began as a Spriggan Enchanter on July 2, 2017.
             Was the Champion of Dithmenos.
             Slain by a ynoxinul (9 damage)
             ... summoned by Atage
             ... while paralysed by a floating eye
             ... on level 3 of a ziggurat.
             The game lasted 04:35:03 (100897 turns).

Kias the Ninja (Spriggan Enchanter)               Turns: 100897, Time: 04:35:03

Health: -3/145     AC: 12    Str:  9    XL:     26   Next: 47%
Magic:  48/50      EV:  4    Int: 18    God:    Dithmenos [******]
Gold:   3084       SH:  0    Dex: 22    Spells: 15/70 levels left

rFire    + + +     SeeInvis +   w - +10 quick blade "Utaopol" {drain, +Inv rF+ rC+}
rCold    + + .     Gourm    .   I - +3 buckler {AC+3}
rNeg     + + +     Faith    .   z - +2 robe {rC+ rF+}
rPois    +         Spirit   .   M - +2 hat
rElec    .         Reflect  +   v - +2 cloak {MR+}
rCorr    .         Harm     .   (gloves unavailable)
MR       +++++                  (boots unavailable)
Stlth    ++++++++++             j - +2 amulet of reflection
HPRegen  0.34/turn              U - ring of the Chupacabra {rPois rF+ MR++ SInv}
MPRegen  0.32/turn              J - ring of Esas {*Contam *Drain rN+++ EV+3 Slay+4}

@: paralysed, very slightly contaminated, wreathed by umbra, silenced,
invisible, deflect missiles, very quick
A: unfitting armour, horns 2, see invisible, herbivore 3, speed 3, slow
metabolism 2, no potion heal 1
}: 3/15 runes: decaying, serpentine, silver
a: Renounce Religion


You were on level 3 of a ziggurat.
You worshipped Dithmenos.
Dithmenos was exalted by your worship.
You were full.

You visited 10 branches of the dungeon, and saw 48 of its levels.
You visited 1 ziggurat, and saw 3 of its levels.
You also visited: Labyrinth.

You collected 6639 gold pieces.
You spent 3555 gold pieces at shops.

Inventory:

Hand Weapons
 a - a +9 dagger of piercing
 n - a +9 rapier of electrocution
 w - the +10 quick blade "Utaopol" (weapon) {drain, +Inv rF+ rC+}
   (You acquired it on level 2 of the Snake Pit)

   A truly terrible weapon, it drains the life of those it strikes.
   It protects you from fire.
   It protects you from cold.
   It lets you turn invisible.
 L - the +10 short sword of Cylerchapt {freeze, Stlth+}
   (You found it on level 5 of the Vaults)

   It has been specially enchanted to freeze those struck by it, causing extra
   injury to most foes and up to half again as much damage against particularly
   susceptible opponents.
   It can also slow down cold-blooded creatures.
   It makes you more stealthy.
 Z - a +3 quick blade of draining
Missiles
 A - 5 throwing nets (quivered)
Armour
 u - a scarf of cloud immunity
 v - a +2 cloak of magic resistance (worn)
 z - a +2 robe of resistance (worn)
 I - a +3 buckler of protection (worn)
 M - a +2 hat (worn)
Jewellery
 j - a +2 amulet of reflection (around neck)
 J - the ring of Esas (right hand) {*Contam *Drain rN+++ EV+3 Slay+4}
   (You bought it in a shop on level 14 of the Dungeon)

   [ring of evasion]

   It affects your evasion (+3).
   It affects your accuracy and damage with ranged weapons and melee attacks
   (+4).
   It renders you almost immune to negative energy.
   It causes magical contamination when unequipped.
   It causes draining when unequipped.
 U - the ring of the Chupacabra (left hand) {rPois rF+ MR++ SInv}
   (You bought it in a shop on level 2 of the Orcish Mines)

   [ring of see invisible]

   It protects you from fire.
   It protects you from poison.
   It affects your resistance to hostile enchantments.
   It lets you see invisible.
Wands
 t - a wand of paralysis (11/24)
 C - a wand of digging (9/24)
 P - a wand of digging (9/24)
Scrolls
 e - 8 scrolls of teleportation
 h - 5 scrolls of enchant armour
 i - 14 scrolls of blinking
 m - 5 scrolls of fear
 y - 24 scrolls of remove curse
 B - 2 scrolls of holy word
 F - 5 scrolls of recharging
 H - 23 scrolls of identify
 S - 9 scrolls of fog
Potions
 c - 3 potions of agility
 f - a potion of berserk rage
 g - 6 potions of flight
 k - 6 potions of lignification
 l - 3 potions of ambrosia
 q - 4 potions of magic
 s - 8 potions of mutation
 x - 16 potions of curing
 D - 3 potions of brilliance
 N - a potion of cancellation
Books
 o - a book of Unlife

   Spells                             Type                      Level
   a - Recall                         Summoning/Translocation      3
   b - Animate Dead                   Necromancy                   4
   c - Control Undead                 Necromancy                   4
   d - Cigotuvi's Embrace             Necromancy                   5
   e - Death Channel                  Necromancy                   6
   f - Simulacrum                     Ice/Necromancy               6
 Y - a book of the Warp

   Spells                             Type                      Level
   a - Gell's Gravitas                Translocation                3
   b - Portal Projectile              Hexes/Translocation          3
   c - Force Lance                    Conjuration/Translocation    4
   d - Dispersal                      Translocation                6
   e - Controlled Blink               Translocation                8
   f - Disjunction                    Translocation                8
Miscellaneous
 p - a lightning rod (4/4)
Comestibles
 d - 15 bread rations


   Skills:
 - Level 17.0 Fighting
 - Level 14.1 Short Blades
 - Level 26.4 Dodging
 O Level 27 Stealth
 - Level 7.5 Shields
 - Level 22.9 Spellcasting
 - Level 22.0 Hexes
 - Level 15.0 Charms
 - Level 6.0 Necromancy
 + Level 0.0 Translocations
 - Level 3.0 Air Magic


You had 15 spell levels left.
You knew the following spells:

 Your Spells              Type           Power        Failure   Level  Hunger
a - Ensorcelled Hibernat  Hex/Ice        ######       1%          2    None
b - Corona                Hex            #######      0%          1    None
c - Confuse               Hex            #######.     0%          3    None
d - Tukima's Dance        Hex            #######.     0%          3    None
e - Dazzling Spray        Conj/Hex       ######       1%          3    None
f - Apportation           Tloc           ###...       1%          1    None
g - Silence               Hex/Air        ######....   1%          5    None
h - Invisibility          Hex            #######.     1%          6    ####...
i - Discord               Hex            #######...   2%          8    #######
j - Cause Fear            Hex            #######...   0%          4    None
k - Deflect Missiles      Chrm/Air       ######....   8%          6    ####...
l - Dispel Undead         Necr           #####...     4%          5    None
m - Controlled Blink      Tloc           N/A          100%        8    #######


Dungeon Overview and Level Annotations

Branches:
Dungeon (15/15)            Temple (1/1) D:5            Lair (6/6) D:10
  Swamp (4/4) Lair:4        Snake (4/4) Lair:4        Slime (0/5) Lair:6
    Orc (2/2) D:12            Elf (3/3) Orc:2        Vaults (5/5) D:14
  Crypt (3/3) Vaults:3       Tomb (0/3) Crypt:3      Depths (5/5) D:15
    Zot (0/5) Depths:5

Altars:
Ashenzari
Cheibriados
Dithmenos
Elyvilon
Fedhas
Gozag
Hepliaklqana
Kikubaaqudgha
Makhleb
Nemelex Xobeh
Okawaru
Qazlal
Ru
Sif Muna
Trog
Uskayaw
Vehumet
Wu Jian
Xom
Yredelemnul
Zin
The Shining One
Beogh

Shops:
D:9 :**:*   D:14 =   Orc:2 (??=   Elf:1 [[}[   Vaults:2 ?   Vaults:4 *

Portals:
Hell: Depths:1 Depths:2 Depths:3 Depths:4 Depths:5
Abyss: Depths:1 Depths:4
Pandemonium: Depths:1 Depths:3 Depths:4
Trove: Elf:1 (give horn of Geryon)

Annotations:
D:5 1 runed door


Innate Abilities, Weirdness & Mutations

You are very small and have problems with some larger weapons.
You are too small for most types of armour.
You have supernaturally acute eyesight. (SInv)
You are a herbivore.
You cover ground extremely quickly.
You need consume almost no food.
You have a pair of horns on your head.
Potions are less effective at restoring your health.


Message History

The floating eye gazes piercingly through you!
You suddenly lose the ability to move!
The floating eye gazes piercingly through you!
You shrug off the repeated paralysis!
The soul eater hits you! The ufetubus completely misses you.
The ufetubus barely misses you.
The ufetubus hits you but does no damage. x2
Atage barely misses you. The ynoxinul gestures at you.
Helpless, you fail to dodge the iron shot.
The ynoxinul hits you!
* * * LOW HITPOINT WARNING * * *
The soul eater hits you!
* * * LOW HITPOINT WARNING * * *
The ufetubus hits you but does no damage.
The ufetubus barely misses you.
The ufetubus hits you but does no damage. x5
The ufetubus barely misses you. Atage hits you!
* * * LOW HITPOINT WARNING * * *
The ynoxinul hits you!
You die...

▓▓▓▓▓▓▓▓▓
▓▓.......▓▓
▓.G8...8..▓
▓.88.G§88.▓
▓....§35G1▓
▓∩...G5@&5▓
▓.....3G35▓
▓.88...885▓
▓..8...8..▓
▓▓.......▓▓
▓▓▓▓▓▓▓▓▓


You could see Atage, a Hell Sentinel (sleeping), a soul eater, 2 ynoxinuls, 2
floating eyes, 2 golden eyes and 5 ufetubi.

Vanquished Creatures
  Mennas (Depths:4)
  5 ancient liches
  Mara (Vaults:3)
  A juggernaut (Zig:2)
  Sojobo (Vaults:5)
  Frederick (Depths:5)
  A curse toe (Crypt:3)
  Vashnia (Snake:3)
  Jory (Depths:2)
  Saint Roka (Depths:5)
  3 golden dragons
  5 caustic shrikes
  A bone dragon (Depths:5)
  Jorgrun (Swamp:2)
  2 tentacled monstrosities
  Rupert (Orc:2)
  A titan (Vaults:5)
  2 deep elf master archers (Elf:3)
  2 deep elf blademasters (Elf:3)
  Asterion (Elf:1)
  2 liches
  Gastronok (Lair:2)
  2 quicksilver dragons (Vaults:5)
  Frances (Swamp:1)
  4 sphinxes
  8 ancient champions
  Kirke (Swamp:1)
  A draconian monk (Depths:5)
  7 thorn hunters
  7 shadow dragons
  6 tengu reavers
  Agnes (Snake:1)
  4 revenants
  Roxanne (Elf:1)
  A storm dragon (Vaults:5)
  9 nagarajas
  Donald (Swamp:2)
  4 deep elf sorcerers
  A draconian knight (Depths:5)
  8 fire giants
  Louise (D:15)
  2 orc warlords
  3 deep elf elementalists
  8 frost giants
  Aizul (Depths:3)
  18 vault wardens
  3 curse skulls
  A juggernaut zombie (Crypt:3)
  A reaper (Crypt:3)
  An angel (Depths:5)
  12 ironheart preservers
  An entropy weaver (Zig:1)
  25 stone giants
  18 very ugly things
  2 stone giants (shapeshifter)
  12 ghouls
  6 spriggan defenders
  3 deep elf demonologists (Elf:3)
  The ghost of casual the Zephyrmancer, a journeyman DsAE of Cheibriados (Orc:2)
  3 black draconians (Depths:5)
  Azrael (Elf:1)
  12 vampire knights
  9 deep elf annihilators
  11 spark wasps
  3 eidola
  11 ettins
  A fire dragon (shapeshifter) (Elf:2)
  9 deep elf death magi
  A minotaur (Lab)
  Josephine (Snake:1)
  Snorg (D:11)
  2 crystal guardians (Vaults:5)
  8 jiangshi
  3 deep elf high priests
  13 fire dragons
  Erolcha (D:13)
  29 yaktaur captains
  7 great orbs of eyes
  A quicksilver dragon skeleton (Crypt:3)
  9 vault guards
  25 hydras
  12 ice dragons
  5 spriggan air magi
  2 rakshasas
  6 naga warriors
  12 centaur warriors
  2 ghost crabs (Swamp:4)
  The ghost of Angani the Wallflower, a journeyman DrTm of Uskayaw (D:11)
  7 anacondas
  An anaconda (shapeshifter) (Elf:2)
  50 two-headed ogres
  Erica (D:11)
  8 alligators
  8 death knights
  11 deep troll shamans
  14 ogre magi
  9 tengu warriors
  A catoblepas (Lair:6)
  34 dancing weapons
  3 death yaks (Lair:6)
  Urug (Lair:2)
  12 vampire magi
  17 deep troll earth magi
  9 spriggan berserkers
  3 hell hogs (Depths:3)
  A storm dragon zombie (Crypt:1)
  A satyr (shapeshifter) (Depths:2)
  5 shock serpents
  Sonja (D:15)
  5 naga sharpshooters
  A shock serpent (shapeshifter) (Depths:3)
  19 deep elf knights
  A fire crab (shapeshifter) (Vaults:2)
  4 soul eaters (Crypt:2)
  A sea snake (Snake:2)
  3 salamander mystics
  25 skeletal warriors
  4 iron trolls
  5 shadow wraiths
  2 unseen horrors (D:11)
  A glowing orange brain (shapeshifter) (Vaults:5)
  5 wizards
  2 unseen horrors (shapeshifter)
  7 naga ritualists
  An infernal demonspawn (Depths:1)
  10 flayed ghosts
  5 shambling mangroves
  3 glowing orange brains
  43 deep trolls
  A harpy (shapeshifter) (Vaults:3)
  22 deep elf archers
  6 harpies
  A lindwurm (Lair:6)
  13 orc knights
  11 ironbrand convokers
  16 phantasmal warriors
  71 deep elf magi
  17 swamp dragons
  6 necromancers
  A stone giant zombie (Depths:1)
  5 cyclopes
  4 frost giant zombies (Depths:2)
  4 fire giant zombies
  2 tengu skeletons (Vaults:3)
  An oklob plant (Lair:6)
  4 wolf spiders
  A faun (shapeshifter) (Depths:2)
  8 mana vipers
  41 ugly things
  5 orc sorcerers
  A shining eye (shapeshifter) (D:15)
  6 manticores
  A guardian serpent (shapeshifter) (D:15)
  2 black mambas (shapeshifter)
  39 black mambas
  2 frost giant skeletons
  14 salamanders
  A rust devil (Depths:1)
  2 elephants (Lair:6)
  3 fire giant skeletons
  Maurice (D:10)
  A spiny frog (shapeshifter) (Depths:4)
  A torpor snail (Lair:6)
  2 guardian serpents
  A centaur zombie (D:13)
  20 vault sentinels
  16 naga magi
  5 orange demons
  5 spectral swamp worms
  13 spiny frogs
  A hellion (Depths:1)
  6 gargoyles
  4 kobold demonologists
  69 yaktaurs
  12 freezing wraiths
  6 rime drakes
  An iron troll zombie (Crypt:1)
  8 komodo dragons
  2 yaktaurs (shapeshifter)
  A grey draconian zombie (Crypt:2)
  A spark wasp simulacrum (Depths:1)
  A green draconian skeleton (Crypt:3)
  2 tengu conjurers
  A hellwing (Depths:1)
  2 trolls (shapeshifter)
  10 trolls
  A queen bee (shapeshifter) (Vaults:3)
  A jumping spider (shapeshifter) (Vaults:4)
  3 meliai (D:15)
  8 tyrant leeches
  Prince Ribbit (Lair:2)
  A meliai (shapeshifter) (Vaults:1)
  A polar bear (Lair:3)
  2 tengu simulacra
  18 hornets
  Grinder (D:3)
  A hornet (shapeshifter) (Vaults:2)
  A polar bear (shapeshifter) (Vaults:5)
  27 blink frogs
  A raiju (shapeshifter) (Depths:3)
  2 wind drakes (shapeshifter)
  A raiju (Depths:2)
  A hydra skeleton (Crypt:3)
  53 slime creatures
  10 bog bodies
  2 death drake skeletons
  3 dream sheep (Lair:6)
  A snapping turtle (shapeshifter) (Depths:3)
  A deep troll skeleton (Depths:1)
  A minotaur skeleton (Lab)
  10 hippogriffs
  5 water elementals
  7 air elementals
  7 shadows
  An ettin skeleton (Vaults:4)
  Sigmund (D:6)
  23 flying skulls
  4 vampires
  A tarantella (shapeshifter) (Depths:2)
  3 redbacks
  12 spriggans
  16 wraiths
  2 yaks (shapeshifter)
  3 elf zombies
  2 hogs
  A spriggan (shapeshifter) (Vaults:2)
  3 large abominations (Elf:2)
  A human (D:7)
  32 yaks
  6 fire elementals
  A human (shapeshifter) (Vaults:5)
  6 hungry ghosts
  7 fire bats
  7 basilisks
  A yaktaur simulacrum (Vaults:4)
  A steam dragon (D:12)
  Menkaure (D:4)
  23 vampire mosquitoes
  29 nagas
  3 wargs
  2 soldier ants (shapeshifter)
  3 insubstantial wisps (Swamp:1)
  17 swamp worms
  7 acid dragons
  12 porcupines
  10 human skeletons
  10 water moccasins
  15 hell hounds
  17 swamp drakes
  4 black bears
  45 orc warriors
  A sky beast (shapeshifter) (Depths:4)
  5 ice beasts
  An eye of draining (D:13)
  An eye of draining (shapeshifter) (Depths:1)
  2 phantoms
  7 sky beasts
  20 boggarts
  6 necrophages
  39 ogres
  2 elf skeletons
  29 wolves
  A manticore skeleton (Crypt:2)
  24 centaurs
  13 crocodiles
  An octopode zombie (Crypt:2)
  A lindwurm skeleton (Crypt:1)
  A big kobold (shapeshifter) (Vaults:5)
  A draconian zombie (Crypt:1)
  6 big kobolds
  22 bullfrogs
  2 earth elementals
  A komodo dragon skeleton (Crypt:2)
  11 scorpions
  17 killer bees
  A human simulacrum (Vaults:2)
  A spectral wolf (Depths:2)
  An elf simulacrum (Vaults:4)
  7 wights (Crypt:1)
  A polar bear skeleton (Crypt:1)
  4 electric eels
  13 howler monkeys
  A wolf skeleton (Crypt:2)
  A bullfrog zombie (D:10)
  9 crimson imps
  8 jellies
  Crazy Yiuf (D:6)
  6 hounds
  22 orc priests
  6 bullfrog skeletons
  An iron imp (Depths:1)
  22 orc wizards
  6 centaur skeletons
  A soldier ant zombie (Crypt:2)
  Jessica (D:2)
  Terence (D:2)
  12 worker ants
  A dwarf zombie (Crypt:2)
  A hound zombie (D:7)
  2 howler monkey zombies
  11 gnolls
  2 howler monkey skeletons
  7 adders
  4 shadow imps
  A steam dragon skeleton (Crypt:2)
  2 white imps (Depths:1)
  2 ufetubi
  A halfling zombie (Crypt:3)
  An adder skeleton (D:4)
  2 worms
  4 dart slugs
  6 leopard geckos
  79 orcs
  A ball python (D:2)
  8 bats
  2 bat skeletons (Crypt:3)
  11 giant cockroaches
  13 goblins
  10 hobgoblins
  16 jackals
  8 quokkas
  A ball python skeleton (Crypt:1)
  5 frilled lizards
  A jackal skeleton (D:8)
  32 kobolds
  An orc zombie (Crypt:3)
  A quokka zombie (Crypt:1)
  9 rats
  3 briar patches (Swamp:4)
  3 crawling corpses (Elf:3)
  A plant (Lair:4)
2365 creatures vanquished.

Vanquished Creatures (collateral kills)
  Boris (Vaults:5)
  2 golden dragons
  A bone dragon (Depths:5)
  A sphinx (Vaults:5)
  2 nagarajas (Snake:4)
  An iron dragon (Depths:4)
  A very ugly thing (Vaults:5)
  A deep elf demonologist (Elf:3)
  A vampire knight (Depths:4)
  2 ettins (Vaults:5)
  A yaktaur captain (Vaults:5)
  A deep elf high priest (Elf:3)
  An ice dragon (Depths:4)
  23 vault guards (Vaults:5)
  3 naga warriors (Snake:4)
  7 naga sharpshooters
  2 deep elf knights (Elf:3)
  A wizard (Depths:4)
  5 naga ritualists (Snake:4)
  A deep elf archer (Elf:3)
  3 phantasmal warriors
  3 ugly things (Depths:4)
  A deep elf mage (Elf:3)
  3 mana vipers (Snake:4)
  2 vault sentinels (Vaults:5)
  16 naga magi
  3 black mambas (Snake:4)
  2 yaktaurs (Vaults:5)
  10 nagas (Snake:4)
  An orc warrior (Vaults:5)
  A gnoll sergeant (Orc:2)
  2 gnolls
  4 orcs
109 creatures vanquished.

Vanquished Creatures (others)
  An eldritch tentacle (Depths:4)
  A shadow dragon (Vaults:5)
  2 tengu reavers (Vaults:5)
  A vault warden (Vaults:5)
  A stone giant (Depths:5)
  A very ugly thing (Depths:4)
  A red draconian (Depths:5)
  An ettin (Depths:4)
  A deep elf high priest (Depths:3)
  A naga warrior (Snake:4)
  A vault guard (Vaults:5)
  A dancing weapon (Vaults:5)
  2 naga sharpshooters (Snake:4)
  A deep elf knight (Elf:1)
  A harpy (Vaults:4)
  A deep elf archer (Elf:3)
  4 deep elf magi
  An ugly thing (Depths:3)
  2 naga magi (Snake:4)
  4 yaktaurs
  A hornet (Swamp:2)
  2 fire elementals (Elf:1)
  A yak (D:9)
  A human (Swamp:1)
  A fire bat (Depths:1)
  A chaos spawn (Depths:1)
  2 nagas (Snake:4)
  A swamp worm (Swamp:4)
  2 hell hounds
  An orc warrior (D:9)
  An eye of draining (D:9)
  2 ogres
  2 boggarts
  A centaur (D:9)
  A big kobold (D:13)
  An orc priest (Vaults:4)
  An orc wizard (Orc:1)
  8 orcs
  A kobold (D:2)
  A leopard gecko skeleton (D:5)
  3 briar patches (Swamp:4)
  6 fungi
  29 plants
99 creatures vanquished.

Grand Total: 2573 creatures vanquished

Notes
Turn   | Place    | Note
-------+----------+-------------------------------------------
     0 | D:1      | Kias the Spriggan Enchanter began the quest for the Orb.
     0 | D:1      | Reached XP level 1. HP: 9/9 MP: 5/5
   138 | D:1      | Reached XP level 2. HP: 7/13 MP: 1/7
   356 | D:2      | Learned a level 2 spell: Ensorcelled Hibernation
  1190 | D:1      | Reached XP level 3. HP: 16/16 MP: 9/9
  1268 | D:1      | Learned a level 3 spell: Confuse
  1272 | D:1      | Learned a level 3 spell: Tukima's Dance
  1677 | D:2      | Noticed Jessica
  1689 | D:2      | Killed Jessica
  1866 | D:2      | Reached XP level 4. HP: 21/21 MP: 11/11
  2353 | D:2      | Reached skill level 5 in Hexes
  2636 | D:2      | Found a radiant altar of Vehumet.
  3087 | D:3      | Noticed Terence
  3170 | D:2      | Killed Terence
  3170 | D:2      | Reached skill level 5 in Stealth
  3311 | D:3      | Reached XP level 5. HP: 24/24 MP: 7/12
  3430 | D:3      | Reached skill level 6 in Stealth
  3458 | D:3      | Noticed Grinder
  3474 | D:3      | Killed Grinder
  3474 | D:3      | Reached skill level 8 in Stealth
  3474 | D:3      | Reached XP level 6. HP: 19/28 MP: 13/13
  3580 | D:3      | Learned a level 3 spell: Dazzling Spray
  3674 | D:3      | Reached skill level 9 in Stealth
  4126 | D:3      | Found a hazy altar of Hepliaklqana.
  4573 | D:4      | Reached skill level 10 in Stealth
  4770 | D:4      | Noticed Menkaure
  4773 | D:4      | Killed Menkaure
  4773 | D:4      | Reached XP level 7. HP: 32/32 MP: 14/14
  4792 | D:4      | Reached skill level 11 in Stealth
  4923 | D:4      | Got a fine dagger
  4924 | D:4      | Identified the cursed +0 dagger "Killer Klown's Foe" {chaos, rElec rF+ rC+ Str+3} (You found it on level 4 of the Dungeon)
  5678 | D:5      | Entered Level 5 of the Dungeon
  5729 | D:5      | Found a runed door.
  5735 | D:5      | Found a runed door.
  5740 | D:5      | Reached skill level 12 in Stealth
  5750 | D:5      | Reached XP level 8. HP: 36/36 MP: 15/15
  5768 | D:5      | Reached skill level 13 in Stealth
  5796 | D:5      | Found a staircase to the Ecumenical Temple.
  6098 | Temple   | Entered the Ecumenical Temple
  6710 | D:5      | Reached skill level 5 in Spellcasting
  6714 | D:5      | Reached skill level 1 in Fighting
  6993 | D:5      | Found a stormy altar of Qazlal.
  7043 | D:5      | You fall through a shaft!
  7378 | D:6      | Found an opulent altar of Gozag.
  7547 | D:6      | Noticed Sigmund
  7554 | D:6      | Killed Sigmund
  7705 | D:6      | Reached XP level 9. HP: 42/42 MP: 18/18
  7833 | D:6      | Found a runed door.
  7837 | D:6      | Noticed Crazy Yiuf
  7841 | D:6      | Killed Crazy Yiuf
  7986 | D:7      | Reached skill level 5 in Dodging
  8011 | D:7      | Reached skill level 14 in Stealth
  8573 | D:7      | Gained mutation: You are covered in fur. (AC +1) [potion of mutation]
  8573 | D:7      | Gained mutation: You occasionally shout uncontrollably at your foes. [potion of mutation]
  8573 | D:7      | Gained mutation: You sometimes yell uncontrollably at your foes. [potion of mutation]
  8573 | D:7      | Gained mutation: You are surrounded by a mild repulsion field. (EV +2) [potion of mutation]
  8574 | D:7      | Lost mutation: You sometimes yell uncontrollably at your foes. [potion of mutation]
  8574 | D:7      | Lost mutation: You occasionally shout uncontrollably at your foes. [potion of mutation]
  8574 | D:7      | Lost mutation: You are covered in fur. (AC +1) [potion of mutation]
  8574 | D:7      | Lost mutation: You are surrounded by a mild repulsion field. (EV +2) [potion of mutation]
  8574 | D:7      | Gained mutation: Your system is resistant to poisons. (rPois) [potion of mutation]
  8574 | D:7      | Gained mutation: Armour fits poorly on your strangely shaped body. [potion of mutation]
  8574 | D:7      | Gained mutation: Your flesh is cold resistant. (rC+) [potion of mutation]
  9331 | D:7      | Reached XP level 10. HP: 41/49 MP: 21/21
  9420 | D:7      | You fall through a shaft for 3 floors!
  9420 | D:10     | Entered Level 10 of the Dungeon
  9422 | D:10     | Reached skill level 5 in Short Blades
  9522 | D:9      | Found Uryqusib's Assorted Antiques.
  9529 | D:9      | Bought 3 white potions for 75 gold pieces
 10234 | D:8      | Found a bloodstained altar of Trog.
 10234 | D:8      | Found a sacrificial altar of Ru.
 10871 | D:9      | Found Gont's General Store.
 10879 | D:9      | Bought a scroll of identify for 22 gold pieces
 10879 | D:9      | Bought a scroll of magic mapping for 38 gold pieces
 10879 | D:9      | Bought a potion of invisibility for 88 gold pieces
 10983 | D:9      | Found an ornate altar of the Wu Jian Council.
 10984 | D:9      | Found a white marble altar of Elyvilon.
 10984 | D:9      | Found a hide-covered altar of Uskayaw.
 10987 | D:9      | Found a shadowy altar of Dithmenos.
 10995 | D:9      | Became a worshipper of Dithmenos the Shadowed
 11084 | D:9      | Found a blossoming altar of Fedhas.
 11118 | D:9      | Found Janoch's Book Boutique.
 11318 | D:9      | Reached skill level 15 in Stealth
 11324 | D:9      | Found a shimmering altar of Xom.
 11333 | D:9      | Found Buzuck's Book Emporium.
 11651 | D:9      | Found a sparkling altar of Nemelex Xobeh.
 11708 | D:9      | Found Rannawno's General Store.
 11963 | D:10     | Noticed Maurice
 12023 | D:10     | Killed Maurice
 12023 | D:10     | Reached * piety under Dithmenos
 12158 | D:10     | Found a staircase to the Lair.
 12374 | D:10     | Noticed a two-headed ogre
 12390 | D:10     | Killed a two-headed ogre
 12390 | D:10     | Reached skill level 1 in Shields
 12390 | D:10     | Reached XP level 11. HP: 54/54 MP: 24/24
 13754 | D:11     | Noticed Angani's ghost (journeyman DrTm)
 13768 | D:11     | Killed Angani's ghost
 13768 | D:11     | Reached ** piety under Dithmenos
 13958 | D:11     | Noticed an unseen horror
 13960 | D:11     | Killed an unseen horror
 14134 | D:11     | Noticed an unseen horror
 14137 | D:11     | Reached skill level 5 in Fighting
 14144 | D:11     | Killed an unseen horror
 14372 | D:11     | Noticed Snorg
 14379 | D:11     | Killed Snorg
 14579 | D:11     | Noticed a two-headed ogre
 14581 | D:11     | Killed a two-headed ogre
 14581 | D:11     | Reached skill level 10 in Dodging
 14597 | D:11     | Noticed a two-headed ogre
 14604 | D:11     | Killed a two-headed ogre
 14632 | D:11     | Noticed a two-headed ogre
 14651 | D:11     | Killed a two-headed ogre
 14884 | D:11     | Noticed Erica
 14887 | D:11     | Killed Erica
 14887 | D:11     | Reached skill level 16 in Stealth
 14887 | D:11     | Reached XP level 12. HP: 60/60 MP: 26/26
 14979 | D:11     | Found a blossoming altar of Fedhas.
 14986 | D:11     | Reached skill level 10 in Hexes
 15002 | D:11     | Reached skill level 10 in Spellcasting
 15756 | D:12     | Reached *** piety under Dithmenos
 16093 | D:12     | Found a roughly hewn altar of Beogh.
 16321 | D:12     | Found a staircase to the Orcish Mines.
 17014 | D:13     | Reached **** piety under Dithmenos
 17464 | D:13     | Noticed a two-headed ogre
 17480 | D:13     | Killed a two-headed ogre
 17530 | D:13     | Found a shadowy altar of Dithmenos.
 17588 | D:13     | Noticed a two-headed ogre
 17594 | D:13     | Killed a two-headed ogre
 17909 | D:13     | Noticed a centaur warrior
 17926 | D:13     | Killed a centaur warrior
 17926 | D:13     | Reached XP level 13. HP: 65/65 MP: 28/28
 18358 | D:13     | Noticed Erolcha
 18368 | D:13     | Killed Erolcha
 18428 | D:13     | Reached skill level 17 in Stealth
 18606 | D:14     | Reached ***** piety under Dithmenos
 19005 | D:14     | Found a gate to the Vaults.
 19417 | D:9      | Bought a book of Party Tricks for 700 gold pieces
 19424 | D:9      | Learned a level 6 spell: Invisibility
 19808 | D:14     | Found a sacrificial altar of Ru.
 19816 | D:14     | Found Fefaew Nugus's Jewellery Boutique.
 20106 | D:14     | Reached skill level 5 in Shields
 20518 | Lair:1   | Entered Level 1 of the Lair of Beasts
 21805 | Lair:2   | Noticed Urug
 21838 | Lair:2   | Killed Urug
 21943 | Lair:2   | Noticed Prince Ribbit
 21953 | Lair:2   | Killed Prince Ribbit
 21983 | Lair:2   | Noticed Gastronok
 21992 | Lair:2   | Killed Gastronok
 21992 | Lair:2   | Reached XP level 14. HP: 72/72 MP: 30/30
 23665 | Lair:4   | Found a labyrinth entrance.
 23667 | Lair:4   | Found a staircase to the Swamp.
 23685 | Lab      | Entered a labyrinth
 24305 | Lab      | Found an exit through the horrors of the Abyss.
 25724 | Lab      | Reached skill level 10 in Short Blades
 26640 | Lab      | Found an exit through the horrors of the Abyss.
 29245 | Lab      | Found an exit through the horrors of the Abyss.
 29968 | Lab      | Learned a level 1 spell: Apportation
 30585 | Lab      | Got a faintly glowing bronze amulet
 30585 | Lab      | Got an ancient copper ring
 30600 | Lair:4   | Identified the amulet "Jeson" {Inacc rElec rF+ rN+} (You found it in a labyrinth)
 30606 | Lair:4   | Identified the ring "Ucsufrem" {rN+ MR+ Str-5 Dex+4 Stlth-} (You found it in a labyrinth)
 30613 | Lair:4   | Found a staircase to the Snake Pit.
 30935 | Lair:4   | Lost mutation: Armour fits poorly on your strangely shaped body. [potion of mutation]
 30935 | Lair:4   | Lost mutation: Your flesh is cold resistant. (rC+) [potion of mutation]
 30935 | Lair:4   | Lost mutation: Your system is resistant to poisons. (rPois) [potion of mutation]
 30935 | Lair:4   | Gained mutation: You are partially covered in slimy green scales. (AC +2) [potion of mutation]
 30935 | Lair:4   | Gained mutation: Armour fits poorly on your strangely shaped body. [potion of mutation]
 30936 | Lair:4   | Lost mutation: Armour fits poorly on your strangely shaped body. [potion of mutation]
 30936 | Lair:4   | Lost mutation: You are partially covered in slimy green scales. (AC +2) [potion of mutation]
 30936 | Lair:4   | Gained mutation: Your mind is acute. (Int +2) [potion of mutation]
 30936 | Lair:4   | Gained mutation: You passively map a small area around you. [potion of mutation]
 30936 | Lair:4   | Gained mutation: You can translocate small distances at will. [potion of mutation]
 30936 | Lair:4   | Gained mutation: You have large cloven feet. [potion of mutation]
 30970 | Lair:4   | Reached skill level 18 in Stealth
 32896 | Lair:6   | Entered Level 6 of the Lair of Beasts
 33177 | Lair:6   | Found a staircase to the Slime Pits.
 34100 | Lair:6   | Reached XP level 15. HP: 63/77 MP: 8/32
 35349 | Orc:1    | Entered Level 1 of the Orcish Mines
 35362 | Orc:1    | Noticed an orc warlord
 35386 | Orc:1    | Reached ****** piety under Dithmenos
 35391 | Orc:1    | Killed an orc warlord
 36016 | D:14     | Bought the ring of Esas {*Contam *Drain rN+++ EV+3 Slay+4} for 819 gold pieces
 36082 | Orc:2    | Entered Level 2 of the Orcish Mines
 36154 | Orc:2    | Noticed Rupert
 36156 | Orc:2    | Killed Rupert
 36621 | Orc:2    | Found a staircase to the Elven Halls.
 36925 | Orc:2    | Noticed casual's ghost (journeyman DsAE)
 36952 | Orc:2    | Killed casual's ghost
 37340 | Orc:2    | Reached skill level 15 in Dodging
 37342 | Orc:2    | Reached skill level 19 in Stealth
 37637 | Orc:2    | Found Qocvaogoj's Jewellery Boutique.
 37637 | Orc:2    | Found Woucoop's Magic Scroll Shoppe.
 37638 | Orc:2    | Found Ucsuheank's Magic Scroll Shoppe.
 37638 | Orc:2    | Found Nos Puha's Weapon Shop.
 38413 | Elf:1    | Entered Level 1 of the Elven Halls
 38427 | Elf:1    | Found Itoxax's Armour Shop.
 38432 | Elf:1    | Found Cesim's Armour Boutique.
 38432 | Elf:1    | Found Neicruo's Antique Armour Shop.
 38439 | Elf:1    | Found Leacrizi's Gadget Boutique.
 38744 | Elf:1    | Reached XP level 16. HP: 84/84 MP: 31/34
 38913 | Elf:1    | Gained mutation: You have a pair of small horns on your head. [mutagenic glow]
 39467 | Elf:1    | Noticed Asterion
 39469 | Elf:1    | Killed Asterion
 39665 | Elf:1    | Noticed Azrael
 39703 | Elf:1    | Killed Azrael
 39750 | Elf:1    | Noticed Roxanne
 39950 | Elf:1    | Found a portal to a secret trove of treasure.
 40230 | Elf:1    | Killed Roxanne
 40437 | D:15     | Entered Level 15 of the Dungeon
 40478 | D:15     | Found a sacrificial altar of Ru.
 40551 | D:15     | Noticed Louise
 40590 | D:15     | Killed Louise
 40645 | D:15     | Noticed Sonja
 40648 | D:15     | Killed Sonja
 41491 | D:15     | Found a staircase to the Depths.
 41513 | D:15     | Reached skill level 20 in Stealth
 41660 | Depths:1 | Entered Level 1 of the Depths
 41710 | Depths:1 | Found a one-way gate to the infinite horrors of the Abyss.
 41798 | Depths:1 | Noticed a tengu reaver
 41811 | Depths:1 | Noticed a sphinx
 41823 | Depths:1 | Killed a sphinx
 41823 | Depths:1 | Reached XP level 17. HP: 84/88 MP: 36/36
 42157 | Depths:1 | Reached skill level 10 in Fighting
 42837 | Depths:1 | Found a one-way gate leading to the halls of Pandemonium.
 43535 | Depths:1 | Found a gateway to Hell.
 44566 | Depths:2 | Reached skill level 15 in Hexes
 45097 | Depths:2 | Reached skill level 15 in Spellcasting
 45468 | Depths:2 | Noticed Jory
 45801 | Swamp:1  | Entered Level 1 of the Swamp
 46163 | Swamp:1  | Reached skill level 21 in Stealth
 46591 | Swamp:1  | Noticed Frances
 46615 | Swamp:1  | Killed Frances
 46842 | Swamp:1  | Reached XP level 18. HP: 90/91 MP: 38/38
 46922 | Swamp:1  | Noticed Kirke
 46930 | Swamp:1  | Killed Kirke
 47292 | Swamp:2  | Noticed Donald
 47425 | Swamp:2  | Killed Donald
 48798 | Swamp:2  | Noticed Jorgrun
 48829 | Swamp:2  | Killed Jorgrun
 48947 | Swamp:3  | Identified Sif Muna's Reference Book on Doomed Cold
 50457 | Swamp:4  | Entered Level 4 of the Swamp
 51086 | Swamp:4  | Gained mutation: You are partially covered in rugged brown scales. (AC +1, +3% HP) [mutagenic glow]
 51811 | Swamp:4  | Gained mutation: You are occasionally teleported next to monsters. [mutagenic glow]
 51914 | Swamp:4  | Lost mutation: Your mind is acute. (Int +2) [potion of mutation]
 51914 | Swamp:4  | Lost mutation: You have large cloven feet. [potion of mutation]
 51914 | Swamp:4  | Lost mutation: You passively map a small area around you. [potion of mutation]
 51914 | Swamp:4  | Lost mutation: You are occasionally teleported next to monsters. [potion of mutation]
 51914 | Swamp:4  | Lost mutation: You are partially covered in rugged brown scales. (AC +1, +3% HP) [potion of mutation]
 51914 | Swamp:4  | Lost mutation: You can translocate small distances at will. [potion of mutation]
 51914 | Swamp:4  | Gained mutation: You have a pair of horns on your head. [potion of mutation]
 51914 | Swamp:4  | Gained mutation: Your muscles are strong. (Str +2) [potion of mutation]
 53215 | Swamp:4  | Got a decaying rune of Zot
 53662 | Snake:1  | Entered Level 1 of the Snake Pit
 53898 | Orc:2    | Bought the ring of the Chupacabra {rPois rF+ MR++ SInv} for 416 gold pieces
 53905 | Orc:2    | Bought a scroll of enchant weapon for 127 gold pieces
 53905 | Orc:2    | Bought a scroll of teleportation for 51 gold pieces
 53905 | Orc:2    | Bought a scroll of magic mapping for 59 gold pieces
 53908 | Orc:2    | Bought a scroll of teleportation for 30 gold pieces
 53908 | Orc:2    | Bought 2 scrolls of blinking for 150 gold pieces
 54109 | D:9      | Bought a book of Enchantments for 700 gold pieces
 54116 | D:9      | Learned a level 5 spell: Silence
 54125 | D:9      | Learned a level 8 spell: Discord
 54130 | D:9      | Learned a level 4 spell: Cause Fear
 54137 | D:9      | Learned a level 6 spell: Deflect Missiles
 54890 | Snake:1  | Noticed Agnes
 55215 | Snake:1  | Killed Agnes
 55274 | Snake:1  | Reached skill level 22 in Stealth
 55274 | Snake:1  | Reached XP level 19. HP: 68/100 MP: 29/40
 55949 | Snake:1  | Noticed Josephine
 55952 | Snake:1  | Killed Josephine
 56947 | Snake:2  | Identified the cursed +0 robe "Luje Uxa" {rF++ MP-9 Str+4 Int+4} (You found it on level 2 of the Snake Pit)
 57460 | Snake:2  | Identified a scroll of acquirement
 57463 | Snake:2  | Got a faintly glowing quick blade
 57464 | Snake:2  | Identified the +10 quick blade "Utaopol" {drain, +Inv rF+ rC+} (You acquired it on level 2 of the Snake Pit)
 58538 | Elf:1    | Bought a wand of digging (10/24) for 280 gold pieces
 59030 | Snake:3  | Noticed Vashnia
 59219 | Snake:3  | Killed Vashnia
 60630 | Snake:4  | Entered Level 4 of the Snake Pit
 62474 | Snake:4  | Reached XP level 20. HP: 105/105 MP: 20/41
 62729 | Snake:4  | Got a serpentine rune of Zot
 63208 | Vaults:1 | Entered Level 1 of the Vaults
 63600 | Vaults:1 | Identified the Almanac of Combat Magic
 64295 | Vaults:1 | Reached skill level 1 in Charms
 64457 | Vaults:1 | Reached skill level 1 in Air Magic
 66814 | Vaults:2 | Found Hous's Magic Scroll Boutique.
 66892 | Vaults:2 | Reached skill level 5 in Charms
 67932 | Vaults:3 | Reached XP level 21. HP: 111/111 MP: 42/42
 68040 | Vaults:3 | Noticed Mara
 68042 | Vaults:3 | Killed Mara
 68048 | Vaults:3 | Reached skill level 23 in Stealth
 68334 | Vaults:3 | Found a staircase to the Crypt.
 68632 | Crypt:1  | Entered Level 1 of the Crypt
 71649 | Vaults:4 | Reached skill level 10 in Charms
 71839 | Vaults:4 | Found Coigyet's General Store.
 71853 | Vaults:4 | Got an ancient hat
 71864 | Vaults:4 | Identified the +1 hat "Gacs" {rC- MR+ Dex+4 SInv} (You acquired it on level 4 of the Vaults)
 71926 | Vaults:4 | Reached XP level 22. HP: 117/117 MP: 44/44
 73042 | Elf:2    | Found a runed gate.
 73042 | Elf:2    | Found a runed gate.
 73045 | Elf:2    | Found a runed gate.
 73136 | Elf:2    | Reached skill level 24 in Stealth
 73450 | Elf:2    | Identified the Compendium of Unholy Secrets
 73458 | Elf:2    | Learned a level 5 spell: Dispel Undead
 73707 | Elf:2    | Reached skill level 1 in Necromancy
 74700 | Elf:3    | Entered Level 3 of the Elven Halls
 77677 | Elf:3    | Got a brightly glowing granite ring
 77678 | Elf:3    | Identified the ring of Life {-Tele rElec rC++ Str+6 Stlth+} (You took it off a deep elf demonologist on level 3 of the Elven Halls)
 77883 | Elf:3    | Identified the Reference Book on Helpful Curses
 77962 | Elf:3    | Identified the +0 ice dragon scales "Columeoxie" {rF- rC++ rN+ Str-3 Int+2 Dex+3} (You took it off a deep elf master archer on level 3 of the Elven Halls)
 78015 | Elf:3    | Got a pitted iron ring
 78016 | Elf:3    | Identified the ring of Cheibriados's Esteem {+Inv rF- EV+2 Dex+6 SInv} (You found it on level 3 of the Elven Halls)
 79153 | Crypt:1  | Noticed an ancient lich
 79176 | Crypt:1  | Killed an ancient lich
 79694 | Crypt:1  | Reached XP level 23. HP: 123/123 MP: 46/46
 81431 | Crypt:2  | Reached skill level 5 in Necromancy
 81687 | Crypt:2  | Reached skill level 25 in Stealth
 82516 | Crypt:3  | Entered Level 3 of the Crypt
 83307 | Crypt:3  | Noticed a curse toe
 83335 | Crypt:3  | Killed a curse toe
 84336 | Crypt:3  | Noticed an ancient lich
 84336 | Crypt:3  | Noticed an ancient lich
 84374 | Crypt:3  | Killed an ancient lich
 84404 | Crypt:3  | Killed an ancient lich
 84633 | Crypt:3  | Noticed an ancient lich
 84633 | Crypt:3  | Noticed an ancient lich
 84638 | Crypt:3  | Identified Kikubaaqudgha's Almanac of Black Secrets
 84671 | Crypt:3  | Killed an ancient lich
 84696 | Crypt:3  | Killed an ancient lich
 84896 | Crypt:3  | Found a basalt altar of Yredelemnul.
 85281 | Crypt:3  | Found a staircase to the Tomb.
 85503 | Vaults:5 | Entered Level 5 of the Vaults
 85503 | Vaults:5 | Noticed Boris
 85510 | Vaults:5 | Reached XP level 24. HP: 79/129 MP: 27/47
 85521 | Vaults:5 | Killed Boris
 85902 | Vaults:5 | Identified the Volume of the Cankerous Snowflakes
 86234 | Vaults:5 | Noticed Sojobo
 86315 | Vaults:5 | Killed Sojobo
 86644 | Vaults:5 | Reached skill level 26 in Stealth
 86841 | Vaults:5 | Reached skill level 15 in Charms
 87695 | Vaults:5 | Got a faintly glowing short sword {freeze}
 87696 | Vaults:5 | Identified the +10 short sword of Cylerchapt {freeze, Stlth+} (You found it on level 5 of the Vaults)
 88626 | Vaults:5 | Got a silver rune of Zot
 88633 | Vaults:5 | Got a warped garnet amulet
 88634 | Vaults:5 | Identified the amulet "Lilacs" {Inacc rF+ MR- Int+4} (You found it on level 5 of the Vaults)
 89749 | Depths:2 | Reached skill level 15 in Fighting
 89812 | Depths:2 | Found an ancient bone altar of Kikubaaqudgha.
 89883 | Depths:2 | Killed Jory
 90815 | Depths:3 | Reached XP level 25. HP: 105/135 MP: 40/48
 90817 | Depths:3 | Reached skill level 27 in Stealth
 90847 | Depths:3 | Learned a level 8 spell: Controlled Blink
 91493 | Depths:3 | Noticed Aizul
 91501 | Depths:3 | Killed Aizul
 92609 | Depths:4 | Noticed Mennas
 92634 | Depths:4 | Killed Mennas
 96571 | Depths:4 | Lost mutation: Your muscles are strong. (Str +2) [a Zot trap]
 96571 | Depths:4 | Gained mutation: Potions are less effective at restoring your health. [a Zot trap]
 97146 | Depths:4 | Reached XP level 26. HP: 127/144 MP: 46/50
 97426 | Depths:5 | Entered Level 5 of the Depths
 97543 | Depths:5 | Noticed Saint Roka
 97546 | Depths:5 | Killed Saint Roka
 97685 | Depths:5 | Found a gateway to a ziggurat.
 98262 | Depths:5 | Noticed Frederick
 98265 | Depths:5 | Killed Frederick
 99368 | Depths:5 | Found a gate to the Realm of Zot.
100427 | Zig:1    | Entered Level 1 of a ziggurat
100462 | Zig:2    | Entered Level 2 of a ziggurat
100462 | Zig:2    | Noticed a juggernaut
100467 | Zig:2    | Killed a juggernaut
100831 | Zig:3    | Entered Level 3 of a ziggurat
100833 | Zig:3    | Noticed Atage the pandemonium lord
100860 | Zig:3    | Paralysed by a floating eye for 3 turns
100880 | Zig:3    | Paralysed by a floating eye for 3 turns
100895 | Zig:3    | Paralysed by a floating eye for 3 turns
100897 | Zig:3    | HP: 6/145 [Atage the pandemonium lord (17)]
100897 | Zig:3    | Slain by a ynoxinul

Vault maps used:
D:1:      onia_arrival_mini_spirals, grunt_decor_mini_mirrors
D:2:      fiery_altar_vehumet, uniq_terence, uniq_jessica
D:3:      lemuel_doored_altar, kennysheep_generic_room_6, uniq_grinder
D:4:      first_bread, serial_forest, infiniplex_forest_lined_2,
          infiniplex_forest_end_2, infiniplex_forest_straight_2,
          infiniplex_forest_clump_small, infiniplex_forest_corner_1,
          infiniplex_forest_straight_2, infiniplex_forest_end_3, uniq_menkaure
D:5:      lemuel_insect_pit, minmay_temple_entry_junction_2, grunt_qazlal_clouds
D:6:      nicolae_overflow_crystal_walls, kennysheep_generic_room_9,
          uniq_sigmund, uniq_crazy_yiuf_cottage
D:7:      grunt_livestock, patterned_corridor
D:8:      minitemple, minmay_misc_feat_more_columns, minivault_5
D:9:      nemelex_xobeh_ov_fountains_minmay, old_standard_altar,
          grunt_temple_overflow_open, serial_shops, shop, nicolae_shop_trees,
          nicolae_shop_stone, shop, nicolae_shop_crystal, xom_confusion_cloud
D:10:     minmay_lair_entry_lava, uniq_maurice
D:11:     fedhas_altar_3, uniq_snorg, uniq_erica
D:12:     david_orc_5
D:13:     grunt_ministairs_10, nicolae_dithmenos_shadow_blocks, uniq_erolcha
D:14:     hangedman_vaults_entry_quadrant_bands, lemuel_crystal_altar,
          serial_shops, nicolae_shop_waterfront, einodemon_barbed_minivault
D:15:     gammafunk_enter_depths_forms, nicolae_ru_awakened_eye, uniq_sonja,
          uniq_louise
Temple:   minmay_temple_curvy_loop
Lair:1:   infiniplex_staircase_pool, serial_bayou_shore_b, grunt_megastairs_5,
          serial_bayou_shore_a
Lair:2:   minmay_holes, st_stairs_8, uniq_gastronok, uniq_urug,
          uniq_prince_ribbit2
Lair:4:   swamp_mist, minmay_snake_entry_guardpost_small, lab_entry_generic
Lair:5:   grunt_megastairs_4, serial_bayou_shore_b
Lair:6:   hangedman_lair_in_review, guppyfry_lair_end_dragon,
          nicolae_slime_entry_slimehenge, nicolae_quartered_pool_little
Swamp:1:  evilmike_swamp_ruin_house_3, uniq_frances, uniq_kirke
Swamp:2:  serial_swamp_ruin, evilmike_swamp_ruin_house_6,
          evilmike_swamp_ruin_house_1, nicolae_swamp_round_clearing,
          swamp_pool1, uniq_donald, uniq_jorgrun
Swamp:3:  nicolae_swamp_fairy_circle, swamp_pool1, st_swamp_ruins_4
Swamp:4:  swamp_basic_johnstein
Snake:1:  uniq_josephine, uniq_agnes
Snake:2:  basic_loot_grate_trap, serial_bayou_ford_a
Snake:3:  statue_in_the_mist_lemuel, uniq_vashnia
Snake:4:  snake_pit, nicolae_snake_round_shape_thing
Orc:2:    st_orc_ogre_mass, uniq_rupert
Elf:1:    minmay_firetagon, nicolae_trove_entry_crystal, minivault_28,
          hangedman_elven_crosses_minicolossus, minmay_shoptagon, uniq_roxanne,
          uniq_asterion, uniq_azrael
Elf:2:    minmay_elf_necromancy
Elf:3:    elf_hall_gauntlet_narrow
Vaults:1: dpeg_vaults_monster_row, v_rooms_4, ontoclasm_vaults_twist,
          ontoclasm_vaults_chip, vaults_mumra_chevron, dpeg_vaults_monster_box
Vaults:2: grunt_vaults_trifunnel, vaults_room_pool, v_alt_pattern_2,
          nicolae_vaults_little_squares_3, nicolae_vaults_angled_halls,
          v_rooms_1, v_misc_11, vaults_room_semicircle, vaults_mumra_minichess,
          ontoclasm_vaults_spin, nicolae_vaults_specimen_jars,
          hangedman_vaults_stretched_pinwheel, ontoclasm_vaults_decontamination,
          serial_shops, shop
Vaults:3: grunt_vaults_funnel, v_misc_23, v_misc_27, v_misc_22, v_rooms_4,
          st_cross, hangedman_vaults_locks, nicolae_vaults_big_ls,
          vaults_room_boxed, vaults_dpeg_diagonal,
          minmay_crypt_entry_skeletal_spiral, nicolae_vaults_little_squares_4,
          nicolae_vaults_circle_grid_a, nicolae_vaults_little_squares_6,
          nicolae_vaults_asterisk, uniq_mara
Vaults:4: v_misc_33, vaults_room_pool, hangedman_vaults_snaps, v_misc_13,
          v_misc_9, vaults_room_grid, hangedman_vaults_stagger, v_pattern_1,
          vaults_dpeg_encased_lava, grunt_vaults_diagonal,
          grunt_vaults_hallway_short, hangedman_vaults_cutoff,
          nicolae_vaults_little_squares_4, serial_shops, shop
Vaults:5: uniq_sojobo, uniq_boris, uniq_jory
Crypt:3:  david_glass_crypt, nicolae_tomb_entry_rubble_hallway, basic_altar
Depths:1: minmay_misc_feat_tiny, hell_entry, hangedman_abyss_entry_splay,
          grunt_pan_entry_sceptre, minmay_misc_feat_secret_circle,
          lemuel_flame_loot_1
Depths:2: lemuel_vampire_tower, serial_sigils, serial_sigils_hangedman_scar,
          serial_sigils_hangedman_etch, serial_sigils_hangedman_stare,
          serial_sigils_hangedman_writhe, pf_hell_entry_tar_river
Depths:3: minmay_glassy_protrusions, grunt_hell_horde,
          kennysheep_decorative_pillar, pan_entry, uniq_aizul
Depths:4: cheibrodos_spurs, serial_bayou_lagoon_a, abyss_entry, hell_entry,
          rand_demon_pan_entry_4, uniq_mennas
Depths:5: evilmike_zot_entry_hall, enter_ziggurat_f, hell_entry,
          columned_hall_lemuel, grunt_megastairs_2, uniq_saint_roka,
          uniq_frederick
Lab:      nicolae_lab_stuck, labyrinth_skeletal_remains, lab_fountain,
          nicolae_lab_arrow, lab_hedge, nicolae_lab_hexagon, labyrinth_fake_exit

Skill      XL: |  1  2  3  4  5  6  7  8  9 10 11 12 13 14 15 16 17 18 19 20 21 22 23 24 25 26 |
---------------+-------------------------------------------------------------------------------+-----
Spellcasting   | 3 4 5 7 8 9 10 11 12 13 14 15 16 17 18 19 20 22 | 22.9
Hexes          | 4 5 6 7 8 9 10 11 12 13 14 15 16 20 21 22 | 22.0
Stealth        | 5 8 10 12 13 14 15 16 17 18 19 20 21 22 23 24 25 26 27 | 27.0
Fighting       | 1 3 4 5 6 7 8 9 10 11 12 13 14 15 16 17 | 17.0
Short Blades   | 2 4 6 7 8 9 10 11 12 13 14 | 14.1
Dodging        | 4 7 8 10 11 13 14 15 16 17 18 19 20 21 22 23 25 26 | 26.4
Shields        | 1 2 4 5 6 7 |  7.5
Charms         | 6 10 12 14 15 | 15.0
Air Magic      | 3 |  3.0
Necromancy     | 4 6 |  6.0

Action                   |  1- 3 |  4- 6 |  7- 9 | 10-12 | 13-15 | 16-18 | 19-21 | 22-24 | 25-27 || total
-------------------------+-------+-------+-------+-------+-------+-------+-------+-------+-------++-------
Melee: Dagger            |    97 |   199 |   258 |   560 |   872 |  1382 |   185 |       |       ||  3553
       Kick              |       |       |       |       |   166 |   392 |       |       |       ||   558
       Headbutt          |       |       |       |       |       |   298 |   285 |   539 |   336 ||  1458
       Quick blade       |       |       |       |       |       |       |  1313 |  1990 |  1410 ||  4713
Throw: Throwing net      |       |       |       |     1 |       |       |       |       |       ||     1
 Cast: Corona            |     6 |       |     1 |       |       |       |       |       |       ||     7
       Ensorcelled Hiber |    31 |    36 |    56 |    75 |   162 |    29 |     4 |     5 |       ||   398
       Confuse           |       |    18 |    20 |    91 |    76 |   119 |   113 |    37 |    14 ||   488
       Dazzling Spray    |       |       |     6 |    13 |    20 |    39 |    26 |    19 |    24 ||   147
       Tukima's Dance    |       |       |     1 |     5 |     7 |     1 |     1 |     3 |       ||    18
       Invisibility      |       |       |       |       |    10 |    33 |    25 |    30 |    20 ||   118
       Discord           |       |       |       |       |       |       |    10 |    12 |     7 ||    29
       Cause Fear        |       |       |       |       |       |       |     1 |     1 |       ||     2
       Deflect Missiles  |       |       |       |       |       |       |       |     2 |     1 ||     3
       Dispel Undead     |       |       |       |       |       |       |       |    18 |       ||    18
       Silence           |       |       |       |       |       |       |       |     2 |     2 ||     4
Invok: Shadow Step       |       |       |       |       |     3 |     6 |     2 |       |     4 ||    15
Evoke: Wand              |       |       |       |     2 |       |       |     2 |     1 |     1 ||     6
  Use: Scroll            |     2 |    16 |     9 |    10 |    18 |    15 |     7 |    17 |    12 ||   106
       Potion            |       |       |     9 |     9 |    14 |    27 |     6 |     6 |     6 ||    77
 Stab: Sleeping          |    26 |    37 |    57 |    81 |   196 |    99 |   161 |   127 |    44 ||   828
       Confused          |       |     7 |     6 |    46 |    59 |    50 |    66 |    15 |     9 ||   258
       Distracted        |       |     3 |     1 |     1 |    11 |    12 |     3 |    32 |    12 ||    75
       Invisible         |       |       |     2 |    22 |    74 |   123 |   135 |   129 |    57 ||   542
       Fleeing           |       |       |       |       |       |       |     1 |       |       ||     1
       Paralysed         |       |       |       |       |       |       |       |     1 |       ||     1
  Eat: Royal jelly       |       |     3 |       |     4 |     3 |     4 |     4 |     3 |     8 ||    29
       Bread ration      |       |       |     1 |       |     2 |     3 |     2 |     4 |       ||    12
       Fruit             |       |       |       |     4 |     2 |     1 |    10 |     7 |     5 ||    29
Armor: Robe              |    18 |    13 |    19 |    39 |    26 |    37 |    14 |    28 |    43 ||   237
Dodge: Dodged            |    80 |   133 |   169 |   636 |   629 |   807 |   481 |   681 |   706 ||  4322
       Deflected         |       |       |       |       |       |       |       |     7 |    11 ||    18
Block: Buckler           |       |       |       |       |   211 |   506 |   321 |   451 |   468 ||  1957
       Reflection        |       |       |       |       |       |    14 |    32 |    30 |    24 ||   100
